 Dungeon Crawl Stone Soup version 0.28.0-45-g0d030f2227 (webtiles) character file.

Game seed: 1873216572184350005

46 DearestLeader the Grasshopper (level 3, 0/31 HPs)
             Began as a Gnoll Warper on Apr 7, 2022.
             Slain by a centaur (2 damage)
             ... on level 3 of the Dungeon.
             The game lasted 00:02:07 (2232 turns).

DearestLeader the Grasshopper (Gnoll Warper)        Turns: 2232, Time: 00:02:07

Health: 0/31       AC:  6    Str:  9 (12) XL:     3   Next: 68%
Magic:  9/9        EV: 13    Int: 12 (14) God:
Gold:   85         SH:  0    Dex: 10 (11) Spells: 12/12 levels left

rFire   . . .      SeeInvis .   e - +3 whip
rCold   . . .      Faith    .   (no shield)
rNeg    . . .      Spirit   .   b - +0 leather armour
rPois   .          Reflect  .   n - +0 helmet
rElec   .          Harm     .   (no cloak)
rCorr   +          Rampage  .   (no gloves)
Will    .....                   (no boots)
Stlth   +.........              (no amulet)
HPRegen 0.10/turn               l - ring of resist corrosion
MPRegen 0.11/turn               (no ring)

@: no status effects
A: fangs 1, strong nose, distributed training, iridescent scales 1, clever 1,
sturdy frame 1
a: no special abilities


You were on level 3 of the Dungeon.
You visited 1 branch of the dungeon, and saw 3 of its levels.

You collected 85 gold pieces.

Inventory:

Hand Weapons
 a - a +0 hand axe
 e - a +3 whip (weapon)
 h - a +1 short sword of speed
Missiles
 d - 5 boomerangs of dispersal (quivered)
Armour
 b - a +0 leather armour (worn)
 n - a +0 helmet (worn)
Jewellery
 l - a ring of resist corrosion (left hand)
Scrolls
 c - a scroll of blinking
 g - 2 scrolls of fog {unknown}
 k - 2 scrolls of enchant weapon {unknown}
 o - a scroll of vulnerability {unknown}
Potions
 j - a potion of attraction {unknown}
 m - a potion of cancellation {unknown}


   Skills:
 + Level 4.5 Fighting
 + Level 0.9 Short Blades
 + Level 0.9 Long Blades
 + Level 4.5 Axes
 + Level 0.9 Maces & Flails
 + Level 0.9 Polearms
 + Level 0.9 Staves
 + Level 0.9 Slings
 + Level 0.9 Bows
 + Level 0.9 Crossbows
 + Level 2.6 Throwing
 + Level 2.6 Armour
 + Level 4.5 Dodging
 + Level 0.9 Stealth
 + Level 0.9 Shields
 + Level 0.9 Unarmed Combat
 + Level 5.0 Spellcasting
 + Level 0.6 Conjurations
 + Level 0.6 Hexes
 + Level 0.6 Summonings
 + Level 0.6 Necromancy
 + Level 5.4 Translocations
 + Level 0.6 Transmutations
 + Level 0.6 Fire Magic
 + Level 0.6 Ice Magic
 + Level 0.6 Air Magic
 + Level 0.6 Earth Magic
 + Level 0.6 Poison Magic
 + Level 1.0 Invocations
 + Level 0.9 Evocations


You had 12 spell levels left.
You didn't know any spells.
Your spell library contained the following spells:

 Spells                   Type           Power      Damage    Failure   Level
 Blink                    Tloc           32%        N/A       3%          2
 Gell's Gravitas          Tloc           16%        N/A       7%          3
 Lesser Beckoning         Tloc           16%        N/A       7%          3
 Teleport Other           Tloc           16%        N/A       7%          3
 Manifold Assault         Tloc           16%        N/A       54%         5
 Dispersal                Tloc           8%         N/A       98%         6


Dungeon Overview and Level Annotations

Branches:
Dungeon (3/15)

Altars:
Cheibriados
Hepliaklqana


Innate Abilities, Weirdness & Mutations

You have very sharp teeth.
Your uncanny sense of smell can sniff out nearby items.
Your experience applies equally to all skills.
You are partially covered in iridescent scales. (AC +2)
Your mind is acute. (Int +2)
Your movements are slightly less encumbered by armour. (ER -2)


Message History

You hit the endoplasm but do no damage. You punch the endoplasm.
The endoplasm is lightly wounded.
The endoplasm freezes you.
You are frozen.
You hit the endoplasm.
The endoplasm is almost dead.
The endoplasm barely misses you.
You hit the endoplasm.
You kill the endoplasm!
No target in view!
HP restored.
You open the door.
There is an open door here.
There is an open door here.
You open the door.
There is an open door here.
A centaur comes into view.
The centaur shouts!
The centaur wields a +0 shortbow.
The centaur shoots an arrow.
The arrow hits you!
The centaur shoots an arrow.
The arrow hits you!
The centaur shoots an arrow.
The arrow closely misses you.
The centaur shoots an arrow.
The arrow hits you.
Found 8 gold pieces.
The centaur unwields a +0 shortbow.
The centaur hits you.
* * * LOW HITPOINT WARNING * * *
The centaur misses you. The centaur hits you.
* * * LOW HITPOINT WARNING * * *
The centaur kicks you but does no damage.
Okay, then.
It was a potion of mutation.
You feel extremely strange.
You feel clever.
You feel less encumbered by your armour.
Iridescent scales grow over part of your body.
The centaur misses you. The centaur closely misses you.
It was a potion of degeneration.
There was something very wrong with that liquid.
You feel weakened.
You feel dopey.
You feel clumsy.
The centaur hits you but does no damage.
The centaur kicks you.
You die...

#..≈≈≈≈$.
#..≈≈≈≈..
#..≈≈≈≈≈.
#.≈≈≈≈≈≈.
#.≈≈≈≈≈≈.
#..≈.≈≈##
#c≈≈≈≈≈≈#
#@.≈≈≈≈≈≈
#...≈≈≈≈≈
#.#≈.≈≈≈≈
#.######### #.#
#..# #.# #..#
#.######..#
#.........#
####'####.######


You could see a centaur.

Vanquished Creatures
  A worm (D:2)
  A dart slug (D:2)
  4 endoplasms
  2 giant cockroaches (D:1)
  A goblin (D:2)
  2 hobgoblins
  4 kobolds
  5 quokkas
  6 ball pythons
  8 bats
  2 frilled lizards (D:1)
  2 rats
38 creatures vanquished.

Notes
Turn   | Place    | Note
-------+----------+-------------------------------------------
     0 | D:1      | DearestLeader the Gnoll Warper began the quest for the Orb.
     0 | D:1      | Reached XP level 1. HP: 20/20 MP: 6/6
   115 | D:1      | Reached XP level 2. HP: 10/26 MP: 7/7
  1117 | D:2      | Reached XP level 3. HP: 23/31 MP: 9/9
  1212 | D:2      | Reached skill level 5 in Spellcasting
  1661 | D:2      | Reached skill level 1 in Invocations
  2123 | D:3      | Found a hazy altar of Hepliaklqana.
  2123 | D:3      | Found a snail-covered altar of Cheibriados.
  2225 | D:3      | Noticed a centaur
  2231 | D:3      | Gained mutation: Your mind is acute. (Int +2) [potion of
                  | mutation]
  2231 | D:3      | Gained mutation: Your movements are slightly less
                  | encumbered by armour. (ER -2) [potion of mutation]
  2231 | D:3      | Gained mutation: You are partially covered in iridescent
                  | scales. (AC +2) [potion of mutation]
  2232 | D:3      | Slain by a centaur

Illustrated notes

Levels and vault maps discovered:
D:1:      minmay_arrival_plants_in_alcoves, layout_loops_ring, st_stairs_11
D:2:      layout_loops_ring, corexii_item_surrounded_by_moat
D:3:      layout_basic, mainiacjoe_overflow_alcove_2, minitemple,
          grunt_gozag_statues, hangedman_glass_garden, columned_hall_lemuel,
          chequers_serial_rivers_large_a, minmay_cupped

Skill      XL: |  1  2  3 |
---------------+----------+-----
Spellcasting   | 5 |  5.0
Invocations    | 1 |  1.0
Fighting       | |  4.5
Short Blades   | |  0.9
Long Blades    | |  0.9
Axes           | |  4.5
Maces & Flails | |  0.9
Polearms       | |  0.9
Staves         | |  0.9
Slings         | |  0.9
Bows           | |  0.9
Crossbows      | |  0.9
Throwing       | |  2.6
Armour         | |  2.6
Dodging        | |  4.5
Stealth        | |  0.9
Shields        | |  0.9
Unarmed Combat | |  0.9
Conjurations   | |  0.6
Hexes          | |  0.6
Summonings     | |  0.6
Necromancy     | |  0.6
Translocations | |  5.4
Transmutations | |  0.6
Fire Magic     | |  0.6
Ice Magic      | |  0.6
Air Magic      | |  0.6
Earth Magic    | |  0.6
Poison Magic   | |  0.6
Evocations     | |  0.9

Action                   || total
-------------------------++-------
Melee: Whip              ||   109
       Bite              ||     6
       Punch             ||     2
  Use: Potion            ||     2
Armor: Leather armour    ||    45
Dodge: Dodged            ||   107
